[Event "Titled Tuesday Blitz August 24 2021"]
[White "Koridze, Lile"]
[Black "Zeltsan, Joseph"]
[WhiteFideId "13612514"]
[BlackFideId "30932980"]
[WhiteElo "1978"]
[BlackElo "2195"]
[Result "0-1"]
[Round "04"]
[TimeControl "180+1"]
[Date "2021.08.24"]
[WhiteClock "0:00:04"]
[BlackClock "0:00:08"]

1. d4 Nf6 2. c4 e6 3. Nc3 Bb4 4. e3 O-O 5. Bd3 d5 6. Nf3 c5 7. O-O cxd4 8. exd4 dxc4 9. Bxc4 b6 10. Bg5 Bb7 11. Ne5 Bxc3 12. bxc3 Nbd7 13. Qe2 Rc8 14. Bd3 Nxe5 15. dxe5 Qd5 16. f3 Rxc3 17. Rad1 Qc5+ 18. Kh1 Nd5 19. Qe4 Rxd3 20. Qxd3 h6 21. Bh4 Rc8 22. Rfe1 Nf4 23. Qd2 g5 24. Rc1 Qf8 25. Bg3 Nd5 26. h3 Rxc1 27. Rxc1 Kh8 28. h4 Qg8 29. Kh2 Qh7 30. Rc4 Qf5 31. hxg5 hxg5 32. Rg4 Qh7+ 33. Kg1 Qb1+ 34. Kf2 Nb4 35. Ke3 Nd5+ 36. Kf2 Nb4 37. Qd8+ Kh7 38. Rxb4 Qxb4 39. Qxg5 Qc5+ 40. Kf1 Qc4+ 41. Kf2 Qc2+ 42. Ke3 Qc1+ 43. Kd3 Qxg5 44. Kd4 Qg6 45. Ke3 Qf5 46. Kf2 Qg6 47. Bf4 Qh5 48. g4 Qg6 0-1


[Site "https://www.chess.com"]

[Event "Titled Tuesday Blitz August 24 2021"]
[White "Kowalczyk, Pawel"]
[Black "Jobava, Baadur"]
[WhiteFideId "1130641"]
[BlackFideId "13601520"]
[WhiteElo "2325"]
[BlackElo "2748"]
[Result "0-1"]
[Round "04"]
[TimeControl "180+1"]
[Date "2021.08.24"]
[WhiteClock "0:01:00"]
[BlackClock "0:00:26"]

1. a3 c6 2. b4 d5 3. Bb2 Nf6 4. Nf3 Bg4 5. Ne5 Bh5 6. g3 Nbd7 7. Bg2 e6 8. O-O Bd6 9. f4 O-O 10. d3 Qc7 11. Nxd7 Nxd7 12. h3 f6 13. Nd2 e5 14. g4 Bf7 15. f5 a5 16. bxa5 Rxa5 17. Nb3 Ra4 18. e4 Rfa8 19. Qc1 Nc5 20. Nxc5 Bxc5+ 21. Kh1 h6 22. h4 Qe7 23. g5 hxg5 24. hxg5 fxg5 25. Qd2 Bxa3 26. Bxa3 Rxa3 27. Rxa3 Rxa3 28. Bf3 Qf6 29. Rg1 Qh6+ 30. Kg2 dxe4 31. Bxe4 Qh4 32. Kf3 Bh5+ 33. Kg2 Ra2 34. Rh1 Qg4+ 35. Kf2 Bf7 36. Rg1 Qf4+ 37. Qxf4 Rxc2+ 38. Qd2 Rxd2+ 39. Ke3 Rh2 40. Rxg5 Kf8 41. Rg1 Ba2 42. Rg6 Rh3+ 43. Kd2 Bf7 44. Rg1 Bd5 45. Rb1 Bxe4 46. dxe4 b5 47. Rc1 Rh6 48. Rc5 Ke7 49. Rxe5+ Kd6 50. Re8 c5 51. Ke3 b4 52. e5+ Kd5 53. e6 Rh3+ 54. Kf4 Rh4+ 55. Kg5 Re4 56. Rd8+ Kc6 57. Kg6 b3 58. Rb8 c4 59. Kf7 Kc7 60. Rb4 Rf4 61. e7 Rxf5+ 62. Ke6 Rf6+ 63. Ke5 Kd7 64. Rxc4 Rb6 0-1


[Site "https://www.chess.com"]

[Event "Titled Tuesday Blitz August 24 2021"]
[White "Krysa, Leandro"]
[Black "Samani, Yamac"]
[WhiteFideId "116807"]
[BlackFideId "6352634"]
[WhiteElo "2490"]
[BlackElo "2267"]
[Result "0-1"]
[Round "04"]
[TimeControl "180+1"]
[Date "2021.08.24"]
[WhiteClock "0:00:03"]
[BlackClock "0:00:07"]

1. e4 e5 2. Nf3 Nc6 3. Bb5 a6 4. Ba4 d6 5. Bxc6+ bxc6 6. d4 exd4 7. Nxd4 c5 8. Nc6 Qd7 9. Na5 Nf6 10. O-O Be7 11. Nc3 O-O 12. b3 Re8 13. Re1 Bf8 14. Bg5 Be7 15. Qd2 Rb8 16. Rad1 Ng4 17. Bxe7 Rxe7 18. Nd5 Re8 19. h3 Ne5 20. f4 Nc6 21. Nxc6 Qxc6 22. f5 f6 23. Re3 Qd7 24. Rg3 Kh8 25. Rg4 Bb7 26. Nc3 Re7 27. Rf1 Rbe8 28. Rff4 Re5 29. Qf2 Qe7 30. Qh4 d5 31. Nxd5 Bxd5 32. exd5 Rxd5 33. Re4 Re5 34. Rxe5 Qxe5 35. Qf2 Rd8 36. Rg3 Rd1+ 37. Kh2 h5 38. Qe3 Qxf5 39. Qe7 Rd7 40. Qe8+ Kh7 41. Qe2 h4 42. Rg4 g5 43. Re4 Kg6 44. Qe3 Rd1 45. Qe2 Qf1 46. Qxf1 Rxf1 47. Re7 Rc1 48. c4 Rc2 49. a4 Rb2 50. Rxc7 Rxb3 51. Rxc5 Rb4 52. a5 Ra4 53. Kg1 Ra2 54. Kf1 Kf7 55. Kg1 Ke6 56. Rc6+ Ke5 57. Rxa6 f5 58. Ra8 Kf4 59. Kh2 g4 60. hxg4 fxg4 61. Rf8+ Kg5 62. Rg8+ Kf4 63. Rf8+ Kg5 64. Rg8+ Kf4 65. Rh8 h3 66. Rf8+ Kg5 67. Rg8+ Kf4 68. Rf8+ Ke4 69. Kh1 Rxg2 70. a6 Ra2 71. Re8+ Kf4 72. Rd8 g3 73. Rf8+ Ke3 74. Re8+ Kd4 75. Re1 Kxc4 76. Rc1+ Kd3 77. Rd1+ Ke3 78. Rb1 Rxa6 79. Rb3+ Kf4 80. Rb4+ Kg5 81. Rb5+ Kf6 82. Rb1 Ra2 83. Rc1 Kf5 84. Rd1 Re2 85. Rf1+ Kg4 86. Ra1 Kf3 87. Rf1+ Rf2 88. Ra1 g2+ 89. Kg1 Rf1+ 0-1


[Site "https://www.chess.com"]

[Event "Titled Tuesday Blitz August 24 2021"]
[White "Kucuksari, Kaan"]
[Black "Hjartarson, Johann"]
[WhiteFideId "6380166"]
[BlackFideId "2300044"]
[WhiteElo "2300"]
[BlackElo "2502"]
[Result "1-0"]
[Round "04"]
[TimeControl "180+1"]
[Date "2021.08.24"]
[WhiteClock "0:01:05"]
[BlackClock "0:00:21"]

1. d4 d6 2. c4 e5 3. Nc3 exd4 4. Qxd4 Nc6 5. Qd2 Nf6 6. g3 Be6 7. b3 a5 8. Bg2 a4 9. Nxa4 d5 10. c5 b5 11. Nb2 Bxc5 12. Nd3 Bd6 13. Nf3 Ne4 14. Qb2 O-O 15. O-O b4 16. Bd2 Ra6 17. Rfc1 Be7 18. Be3 Bf6 19. Nd4 Nxd4 20. Bxd4 Bxd4 21. Qxd4 Nc3 22. Rc2 Bf5 23. Nxb4 Bxc2 24. Qxc3 Re6 25. Qxc2 Rfe8 26. Bf3 d4 27. Nc6 Qd6 28. Rd1 g6 29. Nxd4 Re5 30. Nc6 Rc5 31. Rxd6 Rxc2 32. Rd7 Rxa2 33. Rxc7 1-0


[Site "https://www.chess.com"]

[Event "Titled Tuesday Blitz August 24 2021"]
[White "Kuzubov, Yuriy"]
[Black "Stribuk, Artiom"]
[WhiteFideId "14112906"]
[BlackFideId "13515659"]
[WhiteElo "2564"]
[BlackElo "2224"]
[Result "1-0"]
[Round "04"]
[TimeControl "180+1"]
[Date "2021.08.24"]
[WhiteClock "0:00:35"]
[BlackClock "0:00:01"]

1. d4 Nf6 2. Nf3 g6 3. Nbd2 Bg7 4. e4 d6 5. Bd3 O-O 6. O-O c6 7. a4 Nbd7 8. Re1 e5 9. c3 Qe7 10. Qc2 Rd8 11. a5 h6 12. b4 Nh5 13. dxe5 Nxe5 14. Nxe5 Qxe5 15. Ra3 Nf4 16. Nf3 Nxd3 17. Nxe5 Nxe1 18. Qe2 dxe5 19. Qxe1 Be6 20. Be3 a6 21. Ra1 Rd3 22. Bb6 Bc4 23. Rd1 Re8 24. Rxd3 Bxd3 25. Qd2 Bxe4 26. Qd7 Re6 27. c4 Bf8 28. c5 h5 29. Bc7 Bg7 30. h3 Bd5 31. Bd6 e4 32. Qc8+ Kh7 33. Bf4 Bd4 34. Qxb7 Rf6 35. Be3 Bxe3 36. fxe3 Bc4 37. Qe7 Rf5 38. Qxe4 Bb5 39. Qe7 Kg8 40. Qe8+ Kg7 41. e4 Rf1+ 42. Kh2 Re1 43. Qe5+ Kg8 44. Qf4 Re2 45. h4 Kg7 46. e5 Kg8 47. Kg3 Kg7 48. Kf3 Re1 49. Qf6+ Kg8 50. Qd6 Rf1+ 51. Kg3 Re1 52. Kf2 Rf1+ 53. Ke3 Re1+ 54. Kd2 Re2+ 55. Kc3 Rxg2 56. Qd8+ Kg7 57. Qf6+ Kg8 58. e6 fxe6 59. Qxe6+ Kh7 60. Qf7+ Kh8 61. Kd4 Rg4+ 62. Ke5 Rg2 63. Qe8+ Kh7 64. Qd7+ Kh8 65. Kf6 Rf2+ 66. Kxg6 Rg2+ 67. Kh6 Kg8 68. Qe8# 1-0


[Site "https://www.chess.com"]

[Event "Titled Tuesday Blitz August 24 2021"]
[White "Lashkin, Jegor"]
[Black "Colas, Joshua"]
[WhiteFideId "13907808"]
[BlackFideId "2044447"]
[WhiteElo "2293"]
[BlackElo "2347"]
[Result "1-0"]
[Round "04"]
[TimeControl "180+1"]
[Date "2021.08.24"]
[WhiteClock "0:00:10"]
[BlackClock "0:00:12"]

1. d4 d5 2. c4 e6 3. Nf3 Nf6 4. Nc3 a6 5. c5 b6 6. cxb6 cxb6 7. Bf4 Bd6 8. Bxd6 Qxd6 9. e3 Nbd7 10. Bd3 Bb7 11. O-O O-O 12. Qb3 b5 13. Rfc1 Rfc8 14. Ne2 Rxc1+ 15. Rxc1 Rc8 16. Rxc8+ Bxc8 17. a4 bxa4 18. Qxa4 Bb7 19. h3 g6 20. Qa5 Qb6 21. b4 Ne8 22. Qa4 Nef6 23. Ne5 Bc8 24. Nc6 Kg7 25. Na5 Nb8 26. Qc2 Bd7 27. Qc5 Qxc5 28. bxc5 Ne8 29. Nc3 Nc7 30. Kf1 Kf6 31. f4 Ke7 32. g4 f5 33. g5 Be8 34. h4 Bd7 35. Ke2 Be8 36. Kd2 Bd7 37. Kc2 Be8 38. Kb3 Bd7 39. Be2 Be8 40. Kb4 Bd7 41. h5 Be8 42. h6 Bd7 43. Ka3 Be8 44. Kb3 Bd7 45. Na2 Be8 46. Nb4 Bd7 47. Bd3 Be8 48. Nb7 a5 49. Nxa5 Bd7 50. Nc2 Be8 51. Na3 Bd7 52. Nb7 Be8 53. Nd6 Bc6 54. Kb4 Be8 55. Ka5 Kd8 56. Kb6 Nd7+ 57. Kb7 Nf8 58. Nxe8 Nxe8 59. Nb5 Nd7 60. c6 Nf8 61. c7+ Nxc7 62. Nxc7 Kd7 63. Bb5+ Kd6 64. Ne8+ Ke7 65. Nf6 Kd6 66. Kb6 Ke7 67. Kc7 Kf7 68. Bc6 e5 69. dxe5 Ne6+ 70. Kd6 d4 71. exd4 Nxd4 72. Bd5+ Kf8 73. Nxh7+ Ke8 74. Nf6+ Kf8 75. h7 Kg7 76. e6 Nxe6 77. Kxe6 Kh8 78. Ne8 Kxh7 79. Kf6 Kh8 80. Bf7 Kh7 81. Bxg6+ Kh8 82. Bf7 Kh7 83. Nd6 Kh8 84. Nxf5 Kh7 85. Ne7 Kh8 86. f5 Kh7 87. g6+ Kh6 88. Ng8+ Kh5 89. Kg7 Kg4 90. f6 Kg5 91. Ne7 1-0


[Site "https://www.chess.com"]

[Event "Titled Tuesday Blitz August 24 2021"]
[White "Le, Tuan Minh"]
[Black "Spyropoulos, Nikolaos"]
[WhiteFideId "12401153"]
[BlackFideId "4298977"]
[WhiteElo "2450"]
[BlackElo "2159"]
[Result "1-0"]
[Round "04"]
[TimeControl "180+1"]
[Date "2021.08.24"]
[WhiteClock "0:00:52"]
[BlackClock "0:00:03"]

1. d4 Nf6 2. Nf3 e6 3. Bf4 b6 4. e3 Bb7 5. Bd3 d6 6. h3 Nbd7 7. Bh2 g6 8. O-O Bg7 9. a4 a6 10. Qe2 O-O 11. e4 e5 12. dxe5 dxe5 13. Nc3 Qe7 14. Rfd1 Nh5 15. Bc4 a5 16. Nd5 Bxd5 17. Bxd5 Rad8 18. Qc4 Nc5 19. c3 Nf4 20. b4 Nxd5 21. Rxd5 Rxd5 22. exd5 Nb7 23. Re1 Nd6 24. Qc6 axb4 25. cxb4 e4 26. Nd2 f5 27. a5 bxa5 28. bxa5 Qg5 29. Nc4 f4 30. Nxd6 cxd6 31. Qxd6 Be5 32. Qe6+ Kg7 33. Rxe4 f3 34. Bxe5+ 1-0


[Site "https://www.chess.com"]

[Event "Titled Tuesday Blitz August 24 2021"]
[White "Leitao, Rafael"]
[Black "Baskin, Robert"]
[WhiteFideId "2101246"]
[BlackFideId "24662402"]
[WhiteElo "2609"]
[BlackElo "2462"]
[Result "1-0"]
[Round "04"]
[TimeControl "180+1"]
[Date "2021.08.24"]
[WhiteClock "0:00:15"]
[BlackClock "0:00:02"]

1. c4 Nf6 2. Nc3 e6 3. e4 d5 4. e5 d4 5. exf6 dxc3 6. bxc3 Qxf6 7. Nf3 b6 8. d4 Bb7 9. Bd3 h6 10. O-O Bd6 11. Nd2 O-O 12. Qh5 Nd7 13. Ne4 Bxe4 14. Bxe4 Rac8 15. f4 c5 16. f5 cxd4 17. fxe6 Qxe6 18. Bf5 Qe7 19. Bxh6 gxh6 20. Qg4+ Kh8 21. Bxd7 Rc7 22. Bf5 Qg5 23. Qxd4+ f6 24. Qxd6 Rg8 25. Rf2 Rxc4 26. Be6 Rf4 27. Qxf4 1-0


[Site "https://www.chess.com"]

[Event "Titled Tuesday Blitz August 24 2021"]
[White "Liyanage, Ranindu Dilshan"]
[Black "Reprintsev, Alexander"]
[WhiteFideId "9915834"]
[BlackFideId "14100541"]
[WhiteElo "1839"]
[BlackElo "2126"]
[Result "1-0"]
[Round "04"]
[TimeControl "180+1"]
[Date "2021.08.24"]
[WhiteClock "0:00:24"]
[BlackClock "0:00:02"]

1. e4 d5 2. exd5 Qxd5 3. Nc3 Qa5 4. d4 Nf6 5. Nf3 Nc6 6. Bb5 Ne4 7. Bxc6+ bxc6 8. Bd2 Nxc3 9. Bxc3 Qd5 10. h3 Ba6 11. Qd2 e6 12. b3 Ba3 13. Qe3 O-O 14. Bd2 c5 15. Rd1 cxd4 16. Qxd4 Rad8 17. Qxd5 exd5 18. Be3 Bb4+ 19. Rd2 Rfe8 20. Kd1 Bxd2 21. Nxd2 d4 22. Bf4 c5 23. Re1 Rxe1+ 24. Kxe1 f6 25. Kd1 Kf7 26. Ne4 Rd5 27. Bb8 f5 28. Ng5+ Kg6 29. Ne6 Kf6 30. Nc7 Bb7 31. Nxd5+ Bxd5 32. g3 a6 33. Ba7 c4 34. Bxd4+ Kf7 35. b4 g6 36. Kd2 Ke6 37. Kc3 Kd7 38. Be5 Kc6 39. Kd4 Be6 40. h4 Kb5 41. c3 h5 42. Bd6 Kc6 43. Bf8 Kd7 44. a4 Kc6 45. Ke5 Bf7 46. Kf6 Be8 47. Ke7 Bd7 48. b5+ axb5 49. axb5+ Kc7 50. b6+ Kc6 51. b7 1-0


[Site "https://www.chess.com"]

[Event "Titled Tuesday Blitz August 24 2021"]
[White "Maiorov, Nikita"]
[Black "Wieczorek, Zbigniew"]
[WhiteFideId "13501720"]
[BlackFideId "1102001"]
[WhiteElo "2440"]
[BlackElo "2296"]
[Result "1-0"]
[Round "04"]
[TimeControl "180+1"]
[Date "2021.08.24"]
[WhiteClock "0:00:13"]
[BlackClock "0:00:05"]

1. d4 g6 2. e4 Bg7 3. c3 d6 4. Nf3 Nf6 5. Bd3 O-O 6. O-O Nc6 7. Nbd2 e5 8. Re1 Re8 9. h3 Bd7 10. Nf1 exd4 11. cxd4 Nb4 12. Bb1 c5 13. d5 b5 14. a3 Na6 15. Bf4 Qb6 16. Ng3 c4 17. Be3 Nc5 18. Bc2 Rac8 19. Bd4 Qd8 20. Qd2 a5 21. Bc3 a4 22. Nd4 Nb3 23. Bxb3 cxb3 24. f4 Rc4 25. Kh1 Qb6 26. f5 Rec8 27. Rf1 Be8 28. Rae1 Nd7 29. Nc6 Bxc3 30. bxc3 R8xc6 31. dxc6 Qxc6 32. f6 Nf8 33. Nf5 Rxc3 34. Qh6 Ne6 35. Ne7+ Kh8 36. Nxg6+ fxg6 37. f7 Bxf7 38. Rxf7 1-0


[Site "https://www.chess.com"]

[Event "Titled Tuesday Blitz August 24 2021"]
[White "Makhnev, Denis"]
[Black "Tang, Andrew"]
[WhiteFideId "13707647"]
[BlackFideId "2059630"]
[WhiteElo "2537"]
[BlackElo "2588"]
[Result "1-0"]
[Round "04"]
[TimeControl "180+1"]
[Date "2021.08.24"]
[WhiteClock "0:00:10"]
[BlackClock "0:00:05"]

1. Nf3 d5 2. d4 Nf6 3. c4 e6 4. Nc3 Be7 5. Bg5 h6 6. Bh4 O-O 7. e3 b6 8. Bxf6 Bxf6 9. cxd5 exd5 10. b4 c6 11. Be2 Qd6 12. Qb3 Bb7 13. O-O Nd7 14. Rfc1 a5 15. a3 axb4 16. axb4 b5 17. e4 dxe4 18. Nxe4 Qf4 19. Nxf6+ Nxf6 20. Qb2 Ne4 21. Rxa8 Rxa8 22. Ra1 Re8 23. Bf1 Nd6 24. Ne5 Nf5 25. Ra7 Nxd4 26. Nd3 Qg4 27. h3 Nf3+ 28. Kh1 Qe4 29. Rxb7 Ne1 30. Nxe1 Qxe1 31. Kg1 Re4 32. Qb3 Rf4 33. Qe3 Qxe3 34. fxe3 Rxb4 35. Be2 Rb2 36. Bf3 Rb3 37. Kf2 Rc3 38. Rb6 Rc2+ 39. Kg3 Rc3 40. Kf2 Rc2+ 41. Kg3 Rc3 42. Kf4 g5+ 43. Ke4 Kg7 44. Kd4 Rc4+ 45. Kd3 Ra4 46. Bxc6 Ra3+ 47. Ke2 Ra2+ 48. Kf3 Ra3 49. Bxb5 f5 50. Bd7 f4 51. Re6 Kf7 52. Re4 Kf6 53. Bg4 Kg6 54. Kf2 h5 55. Re6+ Kf7 56. Bf5 Ra2+ 57. Kf3 Ra3 58. Re4 Kf6 59. Bc8 Rb3 60. Bd7 Rc3 61. Kf2 Rc2+ 62. Kg1 Rc1+ 63. Kh2 Re1 64. Re6+ Kf7 65. exf4 Rd1 66. Re5 gxf4 67. Bc6 Kg6 68. Bf3 Rd2 69. Rxh5 Rb2 70. Rh4 Rb4 71. Rg4+ Kf5 72. h4 Rb8 73. Kh3 Kf6 74. Rg5 Rb1 75. Kg4 Rh1 76. Rf5+ Kg6 77. h5+ Kh6 78. Rf6+ Kg7 79. Kg5 Rc1 80. h6+ Kh7 81. Be4+ Kg8 82. h7+ Kg7 83. Rf7+ Kxf7 84. h8=Q Rc5+ 85. Bf5 1-0


[Site "https://www.chess.com"]

[Event "Titled Tuesday Blitz August 24 2021"]
[White "Maksimovic, Bojan"]
[Black "Timofeev, Artyom"]
[WhiteFideId "14408120"]
[BlackFideId "4140419"]
[WhiteElo "2439"]
[BlackElo "2582"]
[Result "0-1"]
[Round "04"]
[TimeControl "180+1"]
[Date "2021.08.24"]
[WhiteClock "0:00:04"]
[BlackClock "0:00:44"]

1. e4 e6 2. d4 d5 3. Nc3 dxe4 4. Nxe4 Nd7 5. Nf3 Ngf6 6. Bg5 Be7 7. Bd3 c5 8. Nxc5 Nxc5 9. dxc5 Qa5+ 10. Qd2 Qxd2+ 11. Kxd2 Bxc5 12. Be3 Bxe3+ 13. Kxe3 Ke7 14. Rhd1 b6 15. c4 Bb7 16. h3 a5 17. g3 Bxf3 18. Kxf3 Nd7 19. Be2 Nc5 20. b3 f5 21. Ke3 g5 22. Rd4 Rad8 23. Rad1 Rxd4 24. Rxd4 h6 25. Bd1 Rc8 26. Bc2 Nd7 27. g4 f4+ 28. Ke2 Ne5 29. Be4 Rd8 30. Rxd8 Kxd8 31. Kd2 Kc7 32. Kc3 Kd6 33. a3 Nd7 34. b4 axb4+ 35. axb4 Nf6 36. Kd3 Nd7 37. Kd4 e5+ 38. Kd3 Nb8 39. Bb7 Nd7 40. Bf3 Nf6 41. Bg2 Kc7 42. c5 bxc5 43. bxc5 Kd7 44. Be4 Kc7 45. Bf3 Kd7 46. Be4 Kc8 47. Bf3 Kc7 48. Be4 h5 49. Bf3 hxg4 50. hxg4 Kd8 51. Kc4 Kd7 52. Bd1 Kc7 53. f3 e4 54. fxe4 Nxe4 55. Kd4 Nf2 56. Bf3 Nh3 57. Ke5 Ng1 58. Bg2 f3 59. Bf1 f2 60. Kf5 Nf3 61. Ke4 Nd2+ 62. Ke3 Nxf1+ 63. Kxf2 Nd2 64. Ke3 Nf1+ 65. Ke4 Nh2 66. Kf5 Nf3 67. Ke4 Nh4 68. Ke5 Kc6 69. Kd4 Ng2 70. Ke4 Nf4 71. Kf5 Nh3 72. Ke4 Kxc5 73. Kf3 0-1


[Site "https://www.chess.com"]

[Event "Titled Tuesday Blitz August 24 2021"]
[White "Marcziter, Dmitrii"]
[Black "Espinosa Veloz, Ermes"]
[WhiteFideId "13900765"]
[BlackFideId "3507424"]
[WhiteElo "2155"]
[BlackElo "2333"]
[Result "0-1"]
[Round "04"]
[TimeControl "180+1"]
[Date "2021.08.24"]
[WhiteClock "0:01:09"]
[BlackClock "0:00:10"]

1. e4 e6 2. d4 d5 3. e5 c5 4. dxc5 Bxc5 5. Bd3 Nc6 6. Nf3 Nge7 7. Bf4 Ng6 8. Bg3 Qc7 9. Qe2 Nd4 10. Nxd4 Bxd4 11. Bb5+ Kf8 12. c3 Bxe5 13. O-O Bxg3 14. fxg3 Bd7 15. Bd3 Ne5 16. Bc2 Qc5+ 17. Kh1 Bb5 18. Qxe5 Bxf1 19. Nd2 Bb5 20. Nf3 Re8 21. Re1 f6 22. Qf4 Qf2 23. Qb4+ Kf7 24. Qxb5 Qxc2 25. Qxb7+ Re7 26. Qb4 Rd8 27. Nd4 Qf2 28. Rg1 Rc8 29. Qb5 h6 30. g4 Kg8 31. Qa6 Rce8 32. h3 Kh8 33. Rf1 Qxb2 34. Nc6 Qb6 35. Qxb6 axb6 36. Nxe7 Rxe7 37. Rb1 Kg8 38. Kg1 Kf7 39. Kf2 Rc7 40. Ke3 Rxc3+ 41. Kd2 Ra3 42. Rb2 e5 43. Ke2 d4 44. Kf2 Kg6 45. h4 h5 46. gxh5+ Kxh5 47. g3 Kg4 48. Rd2 Rf3+ 49. Ke2 Rxg3 50. Rd1 Rg2+ 51. Kd3 Rxa2 52. Rg1+ Kxh4 53. Rxg7 Ra3+ 54. Kd2 e4 55. Rg6 Ra2+ 56. Ke1 f5 57. Rxb6 d3 58. Rg6 e3 59. Kf1 Ra1+ 60. Kg2 e2 61. Re6 d2 62. Rxe2 d1=Q 63. Rf2 Qg1+ 64. Kf3 Ra3+ 65. Ke2 Ra2+ 66. Kd3 Qxf2 67. Kc4 Ra4+ 68. Kd5 Qa7 69. Ke6 Qa6+ 70. Kxf5 Ra5+ 71. Ke4 Rb5 72. Kd4 Qa4+ 73. Ke3 Rb3+ 74. Kd2 Qa2+ 75. Kd1 Rb1# 0-1


[Site "https://www.chess.com"]

[Event "Titled Tuesday Blitz August 24 2021"]
[White "Mezentsev, Ivan"]
[Black "Paravyan, David"]
[WhiteFideId "13706195"]
[BlackFideId "4194985"]
[WhiteElo "2295"]
[BlackElo "2562"]
[Result "0-1"]
[Round "04"]
[TimeControl "180+1"]
[Date "2021.08.24"]
[WhiteClock "0:00:15"]
[BlackClock "0:01:07"]

1. d4 f5 2. Nf3 Nf6 3. g3 g6 4. Bg2 Bg7 5. O-O O-O 6. c4 d6 7. Nc3 a5 8. e4 Nxe4 9. Nxe4 fxe4 10. Ng5 Nc6 11. Be3 Bf5 12. Nxe4 Qd7 13. Re1 a4 14. Rc1 a3 15. b3 e5 16. d5 Nd4 17. f3 c5 18. Rf1 b5 19. cxb5 Bxe4 20. fxe4 Qxb5 21. Kh1 h5 22. Qd2 Kh7 23. h3 Ne2 24. Rxf8 Rxf8 25. Kh2 Nxc1 26. Qxc1 Qe2 27. Qd2 Qxd2 28. Bxd2 Rf2 0-1


[Site "https://www.chess.com"]

[Event "Titled Tuesday Blitz August 24 2021"]
[White "Mikhailovsky, Vladimir"]
[Black "Wagner, Dinara"]
[WhiteFideId "34105414"]
[BlackFideId "24157570"]
[WhiteElo "2315"]
[BlackElo "2260"]
[Result "1/2-1/2"]
[Round "04"]
[TimeControl "180+1"]
[Date "2021.08.24"]
[WhiteClock "0:00:03"]
[BlackClock "0:00:05"]

1. b3 e5 2. Bb2 Nc6 3. e3 Nf6 4. Nf3 e4 5. Ne5 Nxe5 6. Bxe5 d6 7. Bb2 Bg4 8. Be2 Bxe2 9. Qxe2 Be7 10. Qb5+ Qd7 11. Qxb7 O-O 12. Qa6 Qg4 13. O-O h5 14. Nc3 Rfe8 15. Qe2 Qg6 16. f3 d5 17. fxe4 dxe4 18. Nb5 Rac8 19. Nd4 Ng4 20. Nf5 Bf6 21. Bxf6 Nxf6 22. Qa6 Rcd8 23. Rad1 Rd5 24. Nh4 Qg4 25. g3 Rg5 26. Ng2 h4 27. Qc6 hxg3 28. h4 Qh3 29. Rxf6 Qh2+ 30. Kf1 Qh1+ 31. Ke2 Qxg2+ 32. Ke1 Rd8 33. hxg5 gxf6 34. Qxf6 Rd6 35. Qf4 Qh2 36. d4 exd3 37. Rxd3 Qh1+ 38. Ke2 g2 39. Rxd6 cxd6 40. g6 fxg6 41. Qc4+ Kg7 42. Qd4+ Kh6 43. Qf4+ Kh7 44. Qf7+ Kh6 45. Qf8+ Kg5 46. Qf4+ Kh5 47. Qf3+ Kh6 48. Qf8+ Kh7 49. Qf7+ Kh6 50. Qf8+ 1/2-1/2


[Site "https://www.chess.com"]

[Event "Titled Tuesday Blitz August 24 2021"]
[White "Moroni, Luca Jr"]
[Black "Viani Antonio Dcunha"]
[WhiteFideId "865834"]
[BlackFideId "5027330"]
[WhiteElo "2491"]
[BlackElo "2366"]
[Result "1-0"]
[Round "04"]
[TimeControl "180+1"]
[Date "2021.08.24"]
[WhiteClock "0:00:52"]
[BlackClock "0:00:22"]

1. d4 Nf6 2. c4 g6 3. Nc3 Bg7 4. e4 d6 5. Bd3 Nc6 6. Nge2 e5 7. d5 Nd4 8. Nxd4 exd4 9. Ne2 O-O 10. O-O Ng4 11. h3 Ne5 12. Nxd4 Qf6 13. Be3 Re8 14. f4 Nxd3 15. Qxd3 Qe7 16. e5 dxe5 17. fxe5 Qxe5 18. Rae1 Bd7 19. b3 Qg3 20. Qd2 Re4 21. Bf2 Qf4 22. Qxf4 Rxf4 23. Nf3 Re8 24. Rxe8+ Bxe8 25. Re1 Bd7 26. Re7 1-0


[Site "https://www.chess.com"]

[Event "Titled Tuesday Blitz August 24 2021"]
[White "Murzin, Volodar"]
[Black "Shtyka, Sergey"]
[WhiteFideId "44155573"]
[BlackFideId "4138465"]
[WhiteElo "2541"]
[BlackElo "2064"]
[Result "0-1"]
[Round "04"]
[TimeControl "180+1"]
[Date "2021.08.24"]
[WhiteClock "0:00:01"]
[BlackClock "0:00:14"]

1. e4 c5 2. Nf3 d6 3. d4 cxd4 4. Nxd4 Nf6 5. Nc3 g6 6. f3 Bg7 7. Be3 O-O 8. Qd2 Nc6 9. O-O-O d5 10. Nxc6 bxc6 11. e5 Nd7 12. f4 Qa5 13. Kb1 Rb8 14. Ne2 Qa3 15. Qc3 Qxc3 16. Nxc3 a5 17. Na4 f6 18. e6 Rb4 19. exd7 Bxd7 20. Nc5 Bf5 21. Bd3 Bg4 22. Rde1 e5 23. Bd2 Rbb8 24. h3 Bc8 25. Bxa5 e4 26. Be2 f5 27. b3 Re8 28. Rd1 d4 29. Bc4+ Kh8 30. Rhe1 h6 31. Bc7 Ra8 32. Bd6 Kh7 33. Bf7 Rd8 34. Be5 Ba6 35. Bxg7 Kxg7 36. Nxa6 Kxf7 37. Nc5 Rd5 38. b4 Rb8 39. Nb3 Rxb4 40. Kc1 c5 41. c3 Rc4 42. Kb2 Rxc3 43. Rd2 Rg3 44. Rdd1 d3 45. Rd2 c4 46. Nc1 Rb5+ 47. Kc3 Rc5 48. Kd4 Rc8 49. Kc3 Ke6 50. Nb3 Kd5 0-1


[Site "https://www.chess.com"]

[Event "Titled Tuesday Blitz August 24 2021"]
[White "Nakamura, Hikaru"]
[Black "Molina, Roberto Junio Brito"]
[WhiteFideId "2016192"]
[BlackFideId "2109450"]
[WhiteElo "2900"]
[BlackElo "2402"]
[Result "1-0"]
[Round "04"]
[TimeControl "180+1"]
[Date "2021.08.24"]
[WhiteClock "0:00:35"]
[BlackClock "0:00:01"]

1. e4 c6 2. Nc3 d5 3. Nf3 dxe4 4. Nxe4 Bg4 5. h3 Bxf3 6. Qxf3 Nd7 7. d4 Ndf6 8. c3 Nxe4 9. Qxe4 Nf6 10. Qc2 Qd5 11. Be3 e6 12. a3 Be7 13. O-O-O b5 14. Rg1 a5 15. g4 Qd7 16. Kb1 Nd5 17. Bc1 Bd6 18. Bg2 O-O 19. Be4 g6 20. Rd3 b4 21. c4 bxa3 22. cxd5 cxd5 23. Bf3 axb2 24. Bxb2 a4 25. Ka2 Rfc8 26. Rc3 a3 27. Ba1 Bb4 28. Rxc8+ Rxc8 29. Qb3 Bd6 30. Bc3 Qe7 31. g5 Qc7 32. Rc1 Bf4 33. Bd2 Qxc1 34. Bxc1 Bxc1 35. h4 Bb2 36. Qd3 Rc4 37. h5 Rxd4 38. Qe3 Rc4 39. h6 Rc8 40. Be2 Bc1 41. Qg3 Bb2 42. Bg4 d4 43. Bxe6 fxe6 44. Qe5 d3 45. Qxe6+ 1-0


[Site "https://www.chess.com"]

[Event "Titled Tuesday Blitz August 24 2021"]
[White "Nazaretyan, Tigran"]
[Black "Obolentseva, Alexandra"]
[WhiteFideId "24162345"]
[BlackFideId "24153648"]
[WhiteElo "2167"]
[BlackElo "2113"]
[Result "1-0"]
[Round "04"]
[TimeControl "180+1"]
[Date "2021.08.24"]
[WhiteClock "0:00:17"]
[BlackClock "0:00:06"]

1. d4 Nf6 2. c4 g6 3. Nc3 Bg7 4. e4 O-O 5. Nf3 d6 6. Be2 e5 7. O-O exd4 8. Nxd4 Re8 9. f3 c6 10. Kh1 a6 11. Bg5 Qc7 12. Qd2 b5 13. a3 Bb7 14. Rac1 Qb6 15. Rfd1 Nbd7 16. Be3 c5 17. Nc2 bxc4 18. Bxc4 Ne5 19. Ba2 Rad8 20. b4 Qc7 21. Qf2 Qb8 22. bxc5 dxc5 23. Bxc5 Nd3 24. Rxd3 Rxd3 25. Nb4 Rd7 26. Na4 a5 27. Nc2 Red8 28. Ne3 Rd2 29. Bxf7+ Kxf7 30. Qe1 Kg8 31. Be7 R8d7 32. Nc5 Rxe7 33. Qxd2 Ba8 34. h3 Ne8 35. Qa2+ Kh8 36. Nd5 Rf7 37. Ne6 Qg3 38. Rc8 Qe1+ 39. Kh2 Be5+ 40. f4 Re7 41. fxe5 Rxe6 42. Nf6 Qh4 43. Qxe6 Qf4+ 44. Kg1 Qe3+ 45. Kf1 Qf4+ 46. Ke2 1-0


[Site "https://www.chess.com"]

[Event "Titled Tuesday Blitz August 24 2021"]
[White "Nefedov, Sergey"]
[Black "Rustemov, Alexander"]
[WhiteFideId "24113417"]
[BlackFideId "4119002"]
[WhiteElo "2380"]
[BlackElo "2737"]
[Result "1-0"]
[Round "04"]
[TimeControl "180+1"]
[Date "2021.08.24"]
[WhiteClock "0:00:21"]
[BlackClock "0:00:14"]

1. d4 d5 2. Nf3 Nf6 3. Bf4 e6 4. e3 Bd6 5. Bg3 O-O 6. c4 b6 7. Nc3 Bb7 8. Be2 dxc4 9. Bxc4 Nbd7 10. O-O Bxg3 11. hxg3 c5 12. Qe2 Bxf3 13. gxf3 cxd4 14. exd4 Rc8 15. Rad1 Qc7 16. Bb3 Rfe8 17. Kg2 h5 18. Rh1 g6 19. Qe3 Kg7 20. Rh4 e5 21. d5 Qc5 22. Ra4 a5 23. Rc4 Qxe3 24. fxe3 Nc5 25. e4 Red8 26. Nb5 Ne8 27. Rdc1 f5 28. Na7 Nd6 29. Nxc8 Nxc4 30. Nxb6 Ne3+ 31. Kg1 Nxb3 32. axb3 fxe4 33. fxe4 Rb8 34. Rc3 Nd1 35. Rc7+ Kh6 36. Nc4 Rxb3 37. Nxe5 Rxg3+ 38. Kf1 Re3 39. d6 Rxe4 40. Nf7+ Kg7 41. Ng5+ Kf6 42. Nxe4+ Ke6 43. d7 Ke7 44. Nc5 Ne3+ 45. Kg1 Nd5 46. Rc8 1-0


[Site "https://www.chess.com"]